 Dungeon Crawl Stone Soup version 0.20.1-1-g8b1a95d (webtiles) character file.

2274 letownia2 the Reanimator (level 9, 19/78 HPs)
             Began as a Deep Dwarf Necromancer on Nov 1, 2017.
             Was an Initiate of Gozag.
             Quit the game on level 8 of the Dungeon.
             The game lasted 00:17:47 (6961 turns).

letownia2 the Reanimator (Deep Dwarf Necromancer)   Turns: 6961, Time: 00:17:48

Health: 19/78      AC:  6    Str: 18    XL:     9   Next: 16%
Magic:  2/20       EV: 10    Int: 17    God:    Gozag
Gold:   425        SH:  0    Dex: 13    Spells: 18/23 levels left

rFire    . . .     SeeInvis .   a - +0 short sword
rCold    . . .     Gourm    .   (no shield)
rNeg     . . .     Faith    .   g - +0 scale mail
rPois    .         Spirit   .   (no helmet)
rElec    .         Reflect  .   (no cloak)
rCorr    +         Harm     .   (no gloves)
MR       +....                  (no boots)
Stlth    +.........             (no amulet)
Regen    0.0/turn               O - ring of resist corrosion
MPRegen  0.2/turn               L - ring "Vihink" {Wiz Str+4}

@: non-regenerating
A: damage resistance, heal wounds, sense surroundings 2, no regeneration
a: Heal Wounds, Potion Petition, Call Merchant, Bribe Branch, Renounce Religion


You were on level 8 of the Dungeon.
You worshipped Gozag.
Gozag was aware of your devotion.
You were not hungry.

You visited 2 branches of the dungeon, and saw 9 of its levels.
You also visited: Sewer.

You collected 1046 gold pieces.
You paid 621 gold pieces to Gozag.

Inventory:

Hand Weapons
 a - a +0 short sword (weapon)
 f - a +1 shortbow
 I - a +1 whip of freezing
Missiles
 n - 12 arrows
 t - 8 curare-tipped needles
 x - 29 poisoned needles
 Q - 23 sling bullets
Armour
 g - a +0 scale mail (worn)
 h - a +0 ring mail
 D - a +0 chain mail
Magical Staves
 A - an uncursed staff of earth
Jewellery
 w - an uncursed ring of fire
 y - a +5 ring of strength
 L - the ring "Vihink" (right hand) {Wiz Str+4}
   (You found it on level 7 of the Dungeon)

   [ring of wizardry]

   It improves your spell success rate.
   It affects your strength (+4).
 O - a ring of resist corrosion (left hand)
Wands
 m - a wand of iceblast (9/15)
 P - a wand of flame (35/48)
Scrolls
 d - 3 scrolls of magic mapping
 i - a scroll of identify
 j - 4 scrolls of teleportation
 l - a scroll of recharging
 o - a scroll of blinking
 p - a scroll of immolation
 v - a scroll of fog
 F - 2 scrolls of enchant weapon
 G - 2 scrolls of remove curse
Potions
 k - a potion of haste
 q - 3 potions of berserk rage {unknown}
 r - 2 potions of ambrosia {unknown}
 s - a potion of might {unknown}
 u - 2 potions of heal wounds {unknown}
 z - 2 potions of lignification {unknown}
 E - a potion of curing
 H - a potion of agility
Books
 b - a book of Necromancy

   Spells                             Type                      Level
   a - Pain                           Necromancy                   1
   b - Animate Skeleton               Necromancy                   1
   c - Vampiric Draining              Necromancy                   3
   d - Regeneration                   Charms/Necromancy            3
   e - Animate Dead                   Necromancy                   4
   f - Control Undead                 Necromancy                   4
 e - a book of Party Tricks

   Spells                             Type                      Level
   a - Summon Butterflies             Summoning                    1
   b - Apportation                    Translocation                1
   c - Lesser Beckoning               Translocation                3
   d - Tukima's Dance                 Hexes                        3
   e - Alistair's Intoxication        Transmutation/Poison         5
   f - Invisibility                   Hexes                        6
 J - a book of Frost

   Spells                             Type                      Level
   a - Freeze                         Ice                          1
   b - Throw Frost                    Conjuration/Ice              2
   c - Ozocubu's Armour               Charms/Ice                   3
   d - Throw Icicle                   Conjuration/Ice              4
   e - Summon Ice Beast               Ice/Summoning                4
Comestibles
 c - 2 bread rations
 C - 2 royal jellies
 M - a meat ration


   Skills:
 - Level 4.0 Fighting
 - Level 2.1 Armour
 - Level 2.1 Dodging
 - Level 2.4 Stealth
 + Level 7.9 Spellcasting
 - Level 8.2 Necromancy


You had 18 spell levels left.
You knew the following spells:

 Your Spells              Type           Power        Failure   Level  Hunger
a - Pain                  Necr           ####         1%          1    None
v - Vampiric Draining     Necr           ####......   1%          3    #......
z - Summon Butterflies    Summ           #.......     14%         1    None


Dungeon Overview and Level Annotations

Branches:
Dungeon (8/15)             Temple (1/1) D:5            Lair (0/6) D:8

Altars:
Dithmenos
Elyvilon
Gozag
Makhleb
Qazlal
Sif Muna
Xom
Zin
The Shining One

Shops:
D:4 ([%!*   D:7 (   D:8 *

Annotations:
D:3 keltmir's ghost, amateur DrTm


Innate Abilities, Weirdness & Mutations

You are resistant to damage.
You can heal yourself by infusing magical energy.
You passively map the area around you.
You do not regenerate.


Message History

It was a scroll of blinking.
As you read the scroll labeled DOOSYM DUNUITA, it crumbles to dust.
The air around you briefly surges with heat, but it dissipates.
It was a scroll of immolation.
As you read the scroll labeled YRAYGGOSEL, it crumbles to dust.
It is a scroll of amnesia.
Forget which spell ([?*] list [ESC] exit)?
Forget which spell ([?*] list [ESC] exit)?
Okay, then.
Unknown command.
As you read the scroll labeled QOUTHR SEPN, it crumbles to dust.
You hear a loud clanging noise!
It was a scroll of noise.
You hear a shout!
Unknown command.
As you read the scroll labeled PUCKIRCH VORO, it crumbles to dust.
You assume a fearsome visage.
Nothing appears to happen.
It was a scroll of fear.
Unknown command.
Are you sure you want to abandon this character and quit the game? (Confirm with "yes".)

, * *######## ..
#......# .#.# #.####.#
...P## #.#..#.#
,.P..P.# #.#..#.# ,
PPPP...##.#..#.#
,,...PP..##.#..#.#
,P.P.P...#.#..#.# *
#P.P..#.#..#@#######
,,#P.P....#..∩.......#
P >
#P)P....#..#.####.##
P####PPPP.#.##.#.# #.#
.PPP.P....#.##.#.# #.#
.........##.##.#.# #.#
.P...P...##.##.#.# #.#
.P..P...###..l.#.# #.#
.P....### ######.# #.#


There were no monsters in sight!

Vanquished Creatures
  A yak (D:8)
  A wyvern (D:8)
  Purgy (Sewer)
  A black bear (D:8)
  A porcupine (D:8)
  An orc warrior (D:7)
  An ogre (D:7)
  2 centaurs
  7 bullfrogs
  A howler monkey (D:4)
  3 hounds
  3 jellies
  2 orc priests
  2 bullfrog skeletons
  2 iguanas
  Terence (D:3)
  5 worker ants
  4 orc wizards
  A hound zombie (D:7)
  A hound skeleton (D:6)
  A worker ant zombie (D:7)
  4 gnolls (D:2)
  10 adders
  An ooze (D:1)
  A worm (D:2)
  A dart slug (D:1)
  6 leopard geckos
  18 orcs
  11 bats
  7 giant cockroaches
  6 goblins
  5 hobgoblins
  6 jackals
  4 kobolds
  4 quokkas
  A frilled lizard (D:2)
  7 rats
134 creatures vanquished.

Vanquished Creatures (others)
  A fungus (D:8)
1 creature vanquished.

Grand Total: 135 creatures vanquished

Notes
Turn   | Place    | Note
-------+----------+-------------------------------------------
     0 | D:1      | letownia2 the Deep Dwarf Necromancer began the quest for the Orb.
     0 | D:1      | Reached XP level 1. HP: 15/15 MP: 3/3
   132 | D:2      | Reached XP level 2. HP: 19/22 MP: 0/5
   242 | D:2      | Reached skill level 5 in Necromancy
   314 | D:3      | Reached XP level 3. HP: 24/28 MP: 4/6
   319 | D:3      | Learned a level 3 spell: Vampiric Draining
   573 | D:3      | Noticed a centaur
   582 | D:3      | Killed a centaur
   582 | D:3      | Reached skill level 6 in Necromancy
   582 | D:3      | Reached XP level 4. HP: 22/36 MP: 0/7
   881 | D:3      | Noticed keltmir's ghost (amateur DrTm)
   971 | D:4      | Found Tennuibb's Assorted Antiques.
  1048 | D:4      | Found Gobluq's Distillery.
  1065 | D:4      | Found Mouzahov's Armour Shoppe.
  1076 | D:4      | Found Gilai's Antique Weapon Shoppe.
  1108 | D:4      | Found Dus Terilak's Food Shop.
  1144 | D:4      | Reached XP level 5. HP: 32/42 MP: 2/8
  1172 | D:4      | Reached skill level 7 in Necromancy
  1455 | D:4      | Reached skill level 1 in Armour
  1472 | D:4      | Reached skill level 1 in Fighting
  1664 | D:4      | Reached XP level 6. HP: 42/51 MP: 1/9
  1802 | D:5      | Entered Level 5 of the Dungeon
  1868 | D:5      | Found a deep blue altar of Sif Muna.
  1872 | D:5      | Found a shimmering altar of Xom.
  1934 | D:5      | Found a glowing drain.
  2017 | D:5      | Found a staircase to the Ecumenical Temple.
  2025 | Temple   | Entered the Ecumenical Temple
  2043 | Temple   | Became a worshipper of Gozag Ym Sagoz the Greedy
  2095 | Sewer    | Entered a sewer
  2159 | Sewer    | Noticed Purgy
  2223 | Sewer    | Killed Purgy
  2249 | Sewer    | Learned a level 1 spell: Summon Butterflies
  2812 | D:2      | Reached XP level 7. HP: 35/57 MP: 3/12
  4101 | D:3      | Noticed Terence
  4119 | D:3      | Killed Terence
  4742 | D:6      | Found a burning altar of Makhleb.
  5050 | D:6      | Reached skill level 8 in Necromancy
  5459 | D:6      | Reached skill level 5 in Spellcasting
  5507 | D:7      | Got a smoking amber ring
  5508 | D:7      | Identified the ring "Vihink" {Wiz Str+4} (You found it on level 7 of the Dungeon)
  5562 | D:7      | Reached XP level 8. HP: 53/67 MP: 15/15
  5968 | D:7      | Found Teluemeg's Antique Weapon Emporium.
  6881 | D:8      | Gained mutation: You passively map the area around you. [Deep Dwarf growth]
  6881 | D:8      | Reached XP level 9. HP: 65/78 MP: 14/19
  6961 | D:8      | Quit the game

Skill      XL: |  1  2  3  4  5  6  7  8 |
---------------+-------------------------+-----
Spellcasting   | 2 3 5 7 |  7.9
Necromancy     | 5 6 7 8 |  8.2
Armour         | 1 2 |  2.1
Fighting       | 1 2 4 |  4.0
Dodging        | |  2.1
Stealth        | |  2.4

Action                   |  1- 3 |  4- 6 |  7- 9 || total
-------------------------+-------+-------+-------++-------
Melee: Short sword       |     1 |    31 |    55 ||    87
       Staff             |       |       |    10 ||    10
 Fire: Shortbow          |       |     2 |       ||     2
 Cast: Pain              |    26 |    75 |   173 ||   274
       Vampiric Draining |     2 |    12 |    40 ||    54
       Summon Butterflie |       |       |     1 ||     1
Invok: Call Merchant     |       |       |     1 ||     1
  Use: Scroll            |       |     6 |     9 ||    15
  Eat: Chunk             |       |     6 |       ||     6
       Meat ration       |       |     1 |     1 ||     2
       Bread ration      |       |       |     2 ||     2
Armor: Robe              |     2 |       |       ||     2
       Ring mail         |     2 |    45 |       ||    47
       Scale mail        |       |       |    45 ||    45
Dodge: Dodged            |     6 |    61 |    89 ||   156
